Map: Terrasses de Prion

Players

Hohiro - Winner!

  • Race: Terran Terran
  • Spawn Location: 11:00

zidar

  • Race: Zerg Zerg
  • League: Silver
  • Spawn Location: 5:00

VOD

Have the link to the VOD?

Description

Time

  • Played on: Dec. 30, 2015, 11:11 a.m.
  • Length: 6:21
Show
View Real Time Build Order
Export as new Build Order

Hohiro Terran - Winner!

Build Orders: Reaper Expand 

Get SALT Encoding   

  12  0:00  SCV  
  13  0:13  SCV  
  14  0:17  Supply Depot  
  14  0:25  SCV  
  15  0:41  Barracks  
  15  0:43  SCV  
  16  0:50  Refinery  
  16  0:55  SCV  
  17  1:07  SCV  
  18  1:19  SCV  
  19  1:34  Reaper  
  19  1:37  Command Center  
  20  1:42  SCV  
  21  1:47  Barracks  
  21  1:54  Orbital Command  
  21  2:00  Refinery  
  21  2:06  Barracks Reactor  
  21  2:20  SCV  
  22  2:29  Factory  
  22  2:35  SCV  
  23  2:48  Marine x2, SCV  
  23  2:50  Barracks Tech Lab  
  25  3:00  SCV  
  26  3:06  Marine  
  26  3:07  Marine  
  26  3:10  Marauder  
  30  3:13  Stimpack  
  30  3:15  Factory Tech Lab  
  30  3:19  SCV x2  
  32  3:28  Starport  
  32  3:31  Factory Reactor  
  32  3:32  SCV  
  32  3:33  SCV  
  34  3:34  Marine x2  
  34  3:37  Marauder  
  38  3:45  Supply Depot  
  38  3:54  Supply Depot  
  38  4:00  Orbital Command  
  38  4:07  Marine x2, Marauder, SCV  
  43  4:16  Supply Depot  
  43  4:19  SCV  
  44  4:26  Marine  
  44  4:27  Marine  
  44  4:29  Marauder  
  48  4:31  SCV  
  48  4:34  SCV  
  48  4:37  Medivac  
  48  4:38  Medivac  
  54  4:43  SCV  
  55  4:47  SCV  
  55  4:48  Supply Depot  
  55  4:52  Refinery  
  56  4:53  Marine x2  
  56  4:54  Refinery  
  56  4:55  SCV  
  56  4:58  Marauder  
  56  4:59  SCV  
  62  5:09  Supply Depot  
  62  5:10  SCV  
  62  5:12  SCV  
  64  5:17  Marine x2  
  64  5:18  Medivac  
  64  5:19  Medivac  
  70  5:23  Supply Depot  
  70  5:30  SCV x2  
  72  5:37  Supply Depot  
  72  5:38  Supply Depot  
  72  5:41  Marine x3  
  77  5:42  SCV x2  
  77  5:55  SCV x2  
  79  6:07  SCV  
Show
View Real Time Build Order
Export as new Build Order

zidar Zerg 

Build Orders: Hatch First 

Get SALT Encoding   

  12  0:02  Drone  
  13  0:12  Overlord  
  13  0:22  Drone  
  14  0:32  Drone x2  
  14  0:34  Drone  
  17  0:55  Hatchery  
  16  0:59  Drone  
  17  1:13  Spawning Pool  
  17  1:15  Drone  
  17  1:19  Extractor  
  17  1:21  Drone  
  17  1:38  Overlord, Drone  
  18  1:47  Drone  
  19  1:54  Drone  
  20  2:06  Queen  
  22  2:09  Zergling x4  
  23  2:21  Queen  
  25  2:25  Drone  
  25  2:26  Drone x2  
  28  2:42  Drone x3  
  30  3:05  Extractor  
  30  3:10  Roach Warren  
  28  3:18  Overlord x2  
  28  3:29  Evolution Chamber  
  27  3:37  Drone x3  
  27  3:38  Drone x7  
  37  3:49  Metabolic Boost  
  37  3:58  Zerg Melee Weapons Level 1  
  37  4:09  Evolution Chamber  
  36  4:12  Roach x3  
  36  4:16  Overlord x2  
  42  4:31  Lair  
  42  4:37  Spore Crawler  
  41  4:40  Spore Crawler  
  41  4:44  Drone  
  41  4:52  Extractor  
  40  4:55  Extractor, Drone x6  
  40  4:59  Zergling x14  
  52  5:16  Pneumatized Carapace  
  52  5:42  Infestation Pit  
Tags
 
Add a new tag
Caveats
  • Supply blocks, unpowered buildings, or Contaminate may cause inaccurate times.
  • Supply counts are checked every 10 seconds.